 Dungeon Crawl Stone Soup version 0.29-a0-352-g0917bc69df (webtiles) character file.

Game seed: 10926601451839487899

2546 jlumianski the Cutter (level 9, -3/68 HPs)
             Began as a Demonspawn Fighter on Apr 24, 2022.
             Was a Believer of Wu Jian.
             Slain by a two-headed ogre
             ... wielding a +3 dire flail
              (10 damage)
             ... on level 7 of the Dungeon.
             The game lasted 00:31:41 (7253 turns).

jlumianski the Cutter (Demonspawn Fighter)          Turns: 7253, Time: 00:31:41

Health: -3/68      AC: 15    Str: 16    XL:     9   Next: 30%
Magic:  9/9        EV: 15    Int: 19    God:    Wu Jian [**....]
Gold:   454        SH:  7    Dex: 31    Spells: 6/8 levels left

rFire   + + .      SeeInvis .   N - +9 short sword of the Enfolding Firefly {freeze, *Noise rF++ Int+10 Stlth+}
rCold   + . .      Faith    +   c - +0 buckler
rNeg    + . .      Spirit   .   B - +6 ring mail "Mufoikaq" {rC+ Dex+7}
rPois   .          Reflect  .   (no helmet)
rElec   .          Harm     .   f - +2 cloak {Will+}
rCorr   .          Rampage  .   (no gloves)
Will    +....                   (no boots)
Stlth   ++++......              v - amulet of faith
HPRegen 0.21/turn               l - +6 ring of dexterity
MPRegen 0.11/turn               F - ring of positive energy

@: about to teleport
A: hooves 2, repulsion field 1, spiny 1
a: Renounce Religion, Wall Jump


You were on level 7 of the Dungeon.
You worshipped Wu Jian.
Wu Jian was pleased with you.
You visited 2 branches of the dungeon, and saw 8 of its levels.
You also visited: Ossuary.

You collected 454 gold pieces.

Inventory:

Hand Weapons
 a - a +0 rapier
 e - a +1 vampiric dagger
 m - a +0 dagger of speed
 q - the +8 dagger of Obsession {drain, *Noise Fly Dex+3}
   (You found it on level 2 of the Dungeon)

   A truly terrible weapon, it drains the life of any living foe it strikes.
   Dex:       It affects your dexterity (+3).
   Fly:       It grants you flight.
   *Noise:    It may make noises in combat.
 N - the +9 short sword of the Enfolding Firefly (weapon) {freeze, *Noise rF++ Int+10 Stlth+}
   (You found it on level 7 of the Dungeon)

   It freezes those it strikes, dealing additional cold damage.
   It can also slow down cold-blooded creatures.
   Int:       It affects your intelligence (+10).
   rF:        It greatly protects you from fire.
   *Noise:    It may make noises in combat.
   Stlth:     It makes you more stealthy.
Missiles
 s - 192 stones
 t - 6 poisoned darts (quivered)
 E - 2 throwing nets
Armour
 b - a +0 scale mail
 c - a +0 buckler (worn)
 f - a +2 cloak of willpower (worn)
 j - the +1 robe of the Bruised Artists {Str+2 Int-4 Dex+8}
   (You found it on level 2 of the Dungeon)

   Str:       It affects your strength (+2).
   Int:       It affects your intelligence (-4).
   Dex:       It affects your dexterity (+8).
 B - the +6 ring mail "Mufoikaq" (worn) {rC+ Dex+7}
   (You found it on level 4 of the Dungeon)

   Dex:       It affects your dexterity (+7).
   rC:        It protects you from cold.
Jewellery
 l - a +6 ring of dexterity (left hand)
 n - a ring of protection from fire
 v - an amulet of faith (around neck)
 w - a ring of see invisible
 A - an amulet of magic regeneration
 F - a ring of positive energy (right hand)
 K - a ring of protection from cold
Wands
 i - a wand of flame (52)
 y - a wand of acid (13)
 z - a wand of iceblast (4)
Scrolls
 r - 7 scrolls of identify
 I - a scroll of summoning
 J - 2 scrolls of noise
 M - a scroll of enchant armour
Potions
 d - 4 potions of might
 g - a potion of attraction
 h - 4 potions of curing
 o - 2 potions of flight
 p - a potion of cancellation
 u - a potion of ambrosia
 x - 3 potions of invisibility
 C - a potion of mutation
 D - a potion of resistance
 G - 2 potions of berserk rage
 L - a potion of lignification


   Skills:
 + Level 5.2 Fighting
 + Level 5.8 Short Blades
 + Level 5.0 Armour
 + Level 3.1 Dodging
 + Level 4.5 Stealth
 + Level 4.8 Shields
 * Level 4.4 Transmutations


You had 6 spell levels left.
You knew the following spells:

 Your Spells              Type           Power      Damage    Failure   Level
a - Wereblood             Tmut           16%        N/A       12%         2

Your spell library contained the following spells:

 Spells                   Type           Power      Damage    Failure   Level
 Sublimation of Blood     Necr           0%         N/A       58%         2
 Summon Hydra             Summ           0%         N/A       100%        7


Dungeon Overview and Level Annotations

Branches:
Dungeon (7/15)             Temple (1/1) D:5         Ossuary (visited)

Altars:
Ashenzari
Cheibriados
Dithmenos
Gozag
Hepliaklqana
Kikubaaqudgha
Makhleb
Nemelex Xobeh
Qazlal
Ru
Trog
Vehumet
Wu Jian
The Shining One

Shops:
D:6 (

Annotations:
D:7 1 transporter, bastard's ghost, novice SpEn


Innate Abilities, Weirdness & Mutations

You have hoof-like feet.
You are surrounded by a mild repulsion field. (EV +2)
You are partially covered in sharp spines.


Message History

You puncture the ogre! You freeze the ogre.
The ogre is severely wounded.
You barely miss the ogre.
Your short sword of the Enfolding Firefly speaks gibberish.
You kick the ogre.
The ogre is almost dead.
The ogre barely misses you. The two-headed ogre closely misses you.
You block the two-headed ogre's attack.
You hit the ogre. You freeze the ogre. Your kick misses the ogre.
The ogre is almost dead.
You hit the ogre. You freeze the ogre.
You kill the ogre!
The Council accepts your kill. You block the two-headed ogre's attack.
The two-headed ogre hits you with the +8 dire flail "Lorem Ipsum" {vorpal, Int+3}!!
You puncture bastard's ghost! You freeze bastard's ghost.
Your kick misses bastard's ghost.
Bastard's ghost is heavily damaged.
Bastard's ghost hits you but does no damage.
You block the two-headed ogre's attack. x2
You barely miss bastard's ghost. Your kick misses bastard's ghost.
Bastard's ghost is heavily damaged.
You completely miss bastard's ghost. Your kick misses bastard's ghost.
Bastard's ghost is heavily damaged.
Bastard's ghost hits you but does no damage.
The two-headed ogre hits you with a +3 dire flail!
The two-headed ogre hits you with the +8 dire flail "Lorem Ipsum" {vorpal, Int+3}!!
* * * LOW HITPOINT WARNING * * *
x2
As you read the scroll of teleportation, it crumbles to dust.
You feel strangely unstable. Bastard's ghost misses you.
You feel much better. Bastard's ghost completely misses you.
You block the two-headed ogre's attack.
The two-headed ogre hits you with the +8 dire flail "Lorem Ipsum" {vorpal, Int+3}!!
* * * LOW HITPOINT WARNING * * *
x2 You puncture bastard's ghost!
You freeze bastard's ghost.
Bastard's ghost is severely damaged.
For a moment, you lose track of bastard's ghost.
You block bastard's ghost's attack.
The two-headed ogre hits you with a +3 dire flail!
You die...

### #.# # #.## #..# ##.# #.#
##### #.# ##...# #.# #.....
############# #.## ##.....
#.....©..OO@# #..# #......
#.#..#.#..#W# #..# #......
#..##...##.O# ##.# #......
#..##...##..# #.# ##..... #
#.#..#.#..#.# #.## ##.... ##
##.....!$...©####..#### ##... .##
###############..##...######.
..###.....©.©......####.......###
#..#..............## #.....#....


You could see a two-headed ogre, 2 ogres and bastard's ghost.

Vanquished Creatures
  The ghost of sirJeffrey23 the Insei, a novice DsMo (D:6)
  The ghost of zishaf the Sneak, an amateur VSBr (D:4)
  A wyvern (D:7)
  A water moccasin (D:5)
  2 sky beasts (D:7)
  An ice beast (D:5)
  3 ogres
  A centaur (D:7)
  A phantom (D:6)
  An elf zombie (Ossuary)
  A necrophage (D:6)
  A centaur zombie (Ossuary)
  A human zombie (Ossuary)
  4 gnoll shamans
  4 hounds
  A jelly (D:6)
  3 orc priests
  2 centaur skeletons (D:4)
  Ijyb (D:3)
  3 orc wizards
  A killer bee zombie (D:4)
  2 hound zombies (Ossuary)
  4 mummies
  17 gnolls
  11 adders
  A white imp (D:7)
  An ufetubus (D:3)
  An adder zombie (Ossuary)
  3 worms
  A dart slug (D:3)
  15 orcs
  2 bats
  2 endoplasms
  2 giant cockroaches
  6 goblins
  4 hobgoblins
  2 jackals (D:2)
  7 kobolds
  A quokka (D:2)
  A ball python (D:2)
  4 frilled lizards
  A gnoll zombie (Ossuary)
  A goblin zombie (Ossuary)
  3 hobgoblin zombies (Ossuary)
  5 jackal zombies (Ossuary)
  6 kobold zombies (Ossuary)
  2 orc zombies (Ossuary)
  6 quokka zombies (Ossuary)
  A rat (D:2)
  3 rat zombies (Ossuary)
150 creatures vanquished.

Vanquished Creatures (others)
  2 withered plants (D:2)
2 creatures vanquished.

Grand Total: 152 creatures vanquished

Notes
Turn   | Place    | Note
-------+----------+-------------------------------------------
     0 | D:1      | jlumianski the Demonspawn Fighter began the quest for the
                  | Orb.
     0 | D:1      | Reached XP level 1. HP: 18/18 MP: 1/1
    31 | D:2      | Gained mutation: You are surrounded by a mild repulsion
                  | field. (EV +2) [demonic ancestry]
    31 | D:2      | Reached XP level 2. HP: 14/24 MP: 2/2
   229 | D:2      | Found a faded altar of an unknown god.
   383 | D:2      | Gained mutation: You are partially covered in sharp spines.
                  | [demonic ancestry]
   383 | D:2      | Reached XP level 3. HP: 29/29 MP: 3/3
   615 | D:2      | Identified the +1 robe of the Bruised Artists {Str+2 Int-4
                  | Dex+8}
  1133 | D:2      | Identified the +8 dagger of Obsession {drain, *Noise Fly
                  | Dex+3}
  1380 | D:3      | Reached XP level 4. HP: 36/37 MP: 4/4
  1964 | D:4      | Noticed Ijyb
  2224 | D:3      | Reached skill level 1 in Stealth
  2224 | D:3      | Reached XP level 5. HP: 39/42 MP: 5/5
  2393 | D:3      | Reached skill level 1 in Dodging
  2532 | D:3      | Learned a level 2 spell: Wereblood
  2620 | D:3      | Killed Ijyb
  2934 | D:4      | Identified the +6 ring mail "Mufoikaq" {rC+ Dex+7}
  3011 | D:4      | Gained mutation: You have large cloven feet. [demonic
                  | ancestry]
  3011 | D:4      | Reached XP level 6. HP: 48/48 MP: 6/6
  3056 | D:4      | Found a snail-covered altar of Cheibriados.
  3079 | D:5      | Entered Level 5 of the Dungeon
  3174 | D:4      | Found a transporter.
  3178 | D:4      | Noticed zishaf's ghost (amateur VSBr)
  3212 | D:4      | Found a transporter.
  3612 | D:4      | Reached skill level 1 in Transmutations
  3766 | D:4      | Killed zishaf's ghost
  3843 | D:4      | Gained mutation: You have hoof-like feet. [demonic
                  | ancestry]
  3843 | D:4      | Reached XP level 7. HP: 28/54 MP: 7/7
  4018 | D:4      | Identified a scroll of acquirement
  4018 | D:4      | Acquired a +1 cloak of willpower
  4964 | D:5      | Reached XP level 8. HP: 61/61 MP: 8/8
  5012 | D:5      | Found a staircase to the Ecumenical Temple.
  5021 | Temple   | Entered the Ecumenical Temple
  5081 | Temple   | Became a worshipper of the Wu Jian Council
  5295 | D:6      | Found Eddoff's Antique Weapon Shop.
  5361 | D:6      | Found a runed translucent door.
  5401 | D:6      | Found a broken altar of Ashenzari.
  5723 | D:6      | Noticed sirJeffrey23's ghost (novice DsMo)
  5738 | D:6      | Killed sirJeffrey23's ghost
  5907 | D:6      | Reached skill level 5 in Short Blades
  6001 | D:7      | Found a sand-covered staircase.
  6007 | Ossuary  | Entered an ossuary
  6075 | Ossuary  | Reached * piety under Wu Jian
  6222 | Ossuary  | Reached skill level 5 in Fighting
  6646 | D:7      | Reached XP level 9. HP: 50/68 MP: 9/9
  7020 | D:7      | Identified the +9 short sword of the Enfolding Firefly
                  | {freeze, *Noise rF++ Int+10 Stlth+}
  7052 | D:7      | Reached ** piety under Wu Jian
  7126 | D:7      | Found a transporter.
  7127 | D:7      | Found a transporter.
  7127 | D:7      | Noticed bastard's ghost (novice SpEn)
  7130 | D:7      | Identified the +8 dire flail "Lorem Ipsum" {vorpal, Int+3}
  7130 | D:7      | Noticed a two-headed ogre
  7177 | D:7      | Reached skill level 5 in Armour
  7253 | D:7      | Slain by a two-headed ogre

Illustrated notes

Levels and vault maps discovered:
D:1:      saegor_arrival_simple_a, layout_loops_ring, nicolae_grassy_gnolls
D:2:      layout_loops_corners, shapermc_ecumenical_altar_flowoftime,
          minmay_heptomino_d4
D:3:      layout_rooms
D:4:      layout_loops_ring, general_overflow_altar, gammafunk_ghost_mausoleum,
          hangedman_decor_lopped, uniq_ijyb
D:5:      layout_basic, minmay_temple_entry_enclosed_plants,
          small_statue_alley_b
D:6:      layout_basic, mainiacjoe_overflow_brackets, serial_shops,
          nicolae_shop_temple_entry_statues_fountains,
          ebering_ghost_reflecting_pool
D:7:      layout_cave_pods, enter_bailey_2, enter_ossuary_1,
          gammafunk_ghost_smash
Temple:   mainiacjoe_temple_bowtie_tessellation

Skill      XL: |  1  2  3  4  5  6  7  8  9 |
---------------+----------------------------+-----
Shields        | 3 4 |  4.8
Armour         | 3 4 5 |  5.0
Short Blades   | 2 3 4 5 |  5.8
Stealth        | 1 2 3 4 |  4.5
Dodging        | 1 2 3 |  3.1
Fighting       | 4 5 |  5.2
Transmutations | 1 2 4 |  4.4

Action                   |  1- 3 |  4- 6 |  7- 9 || total
-------------------------+-------+-------+-------++-------
Melee: Rapier            |    13 |       |       ||    13
       Dagger            |    79 |    88 |   179 ||   346
       Kick              |       |    12 |    73 ||    85
       Short sword       |       |       |    15 ||    15
Invok: Lunge             |       |       |    38 ||    38
       Whirlwind         |       |       |     1 ||     1
  Use: Potion            |       |     1 |     5 ||     6
       Scroll            |       |       |    19 ||    19
 Stab: Sleeping          |     4 |       |    11 ||    15
Armor: Scale mail        |    18 |       |       ||    18
       Robe              |     2 |    10 |       ||    12
       Ring mail         |       |    21 |    31 ||    52
Dodge: Dodged            |    34 |    63 |    67 ||   164
Block: Buckler           |    16 |    26 |    51 ||    93

Table legend: (Time is in decaauts)
 A = Elapsed time spent in this place.
 B = Non-inter-level travel time spent in this place.
 C = Inter-level travel time spent in this place.
 D = Time resting spent in this place.
 E = Time spent auto-exploring this place.
 F = Levels seen in this place.
 G = Mean time per level.
                   A        B        C        D        E       F      G
               +--------+--------+--------+--------+--------+-----+--------+
         Total |   7240 |   7121 |    119 |   1025 |   3894 |   9 |  804.4 |
       Dungeon |   6859 |   6740 |    119 |   1025 |   3802 |   7 |  979.9 |
        Temple |     99 |     99 |      0 |      0 |     50 |   1 |   99.0 |
       Ossuary |    281 |    281 |      0 |      0 |     42 |   1 |  281.0 |
               +--------+--------+--------+--------+--------+-----+--------+

Top non-repeatable levels by time:
     D:3: 1509 daAuts
     D:2: 1317 daAuts
     D:4: 1216 daAuts
     D:5: 1060 daAuts
     D:7: 952 daAuts
     D:6: 788 daAuts
 Ossuary: 281 daAuts
  Temple: 99 daAuts
     D:1: 14 daAuts
